 Dungeon Crawl Stone Soup version 0.18.1-48-g4cf74bf (webtiles) character file.

954 Alarkh the Archer (level 7, -4/50 HPs)
             Began as a Mummy Hunter on Aug 13, 2016.
             Slain by a centaur zombie (6 damage)
             ... in an ossuary.
             The game lasted 00:09:45 (5921 turns).

Alarkh the Archer (Mummy Hunter)                    Turns: 5921, Time: 00:09:46

Health: -4/50      AC:  7    Str: 16    XL:     7   Next: 90%
Magic:  7/7        EV: 11    Int: 18    God:
Gold:   176        SH:  0    Dex: 12    Spells: 0 memorised, 6 levels left

rFire  x . .     SeeInvis .     r - +2 quarterstaff (chaos)
rCold  + . .     Gourm    .     c - +0 leather armour
rNeg   + + +     Faith    .     (shield currently unavailable)
rPois  ∞         Spirit   .     g - +2 helmet
rElec  .         Dismiss  .     s - +0 cloak
rCorr  .         Reflect  .     (no gloves)
SustAt .         Harm     .     (no boots)
MR     .....                    (no amulet)
Stlth  +.........               (no ring)
                                m - +6 ring of intelligence

@: not resistant to hostile enchantments, very unstealthy
A: no food or potions, fire vulnerability, cold resistance 1, negative energy
resistance 3, torment resistance, unbreathing
a: no special abilities


You were in an ossuary.
You were not hungry.

You visited 1 branch of the dungeon, and saw 5 of its levels.
You also visited: Sewer and Ossuary.

You collected 176 gold pieces.

Inventory:

Hand Weapons
 a - a +1 shortbow
 b - a +1 dagger of venom
 p - a +0 short sword
 r - a +2 quarterstaff of chaos (weapon)
Missiles
 d - 12 arrows
Armour
 c - a +0 leather armour (worn)
 g - a +2 helmet (worn)
 s - a +0 cloak (worn)
Jewellery
 m - a +6 ring of intelligence (left hand)
Wands
 l - a wand of confusion (19/48)
 o - a wand of polymorph (10/24)
 x - a wand of lightning (8/15)
Scrolls
 e - a scroll of identify
 f - 2 scrolls of teleportation
 h - 4 scrolls of random uselessness
 i - a scroll of recharging
 j - 3 scrolls of enchant armour
 k - 2 scrolls of amnesia
 n - 2 scrolls of remove curse
 q - a scroll of blinking
 t - 2 scrolls of enchant weapon {unknown}
 u - a scroll of magic mapping
Books
 v - a Young Poisoner's Handbook

   Spells                             Type                      Level
   a - Sting                          Conjuration/Poison           1
   b - Cure Poison                    Poison                       2
   c - Mephitic Cloud                 Conjuration/Poison/Air       3
   d - Olgreb's Toxic Radiance        Poison                       4
   e - Venom Bolt                     Conjuration/Poison           5
 w - Kikubaaqudgha's Papyrus of Sinister Secrets
   (You found it on level 4 of the Dungeon)

   Spells                             Type                      Level
   a - Pain                           Necromancy                   1


   Skills:
 - Level 2.0 Fighting
 + Level 8.4 Bows
 - Level 1.5 Dodging
 - Level 0.7 Stealth


You had 6 spell levels left.
You didn't know any spells.

Dungeon Overview and Level Annotations

Branches:
Dungeon (5/15)
 Temple: D:4-7

Altars:
Kikubaaqudgha
Ru
Sif Muna
Vehumet
Zin

Annotations:
D:5 dvd's ghost, amateur GrGl


Innate Abilities, Weirdness & Mutations

You do not eat or drink.
Your flesh is vulnerable to fire.
You are immune to poison.
Your flesh is cold resistant.
You are immune to negative energy.
You are immune to unholy pain and torment.
You can survive without breathing.


Message History

The giant frog zombie hits you but does no damage.
You hit the giant frog zombie. You burn the giant frog zombie.
The giant frog zombie hits you.
* * * LOW HITPOINT WARNING * * *
The giant frog zombie hits you.
* * * LOW HITPOINT WARNING * * *
You hit the giant frog zombie.
The giant frog zombie's body glows momentarily.
The giant frog zombie closely misses you.
The giant frog zombie hits you.
* * * LOW HITPOINT WARNING * * *
You sock the giant frog zombie!
You destroy the giant frog zombie!
You hit the centaur zombie. The centaur zombie hits you.
* * * LOW HITPOINT WARNING * * *
The centaur zombie hits you but does no damage.
You hit the centaur zombie.
The centaur zombie looks momentarily listless.
The centaur zombie barely misses you. The centaur zombie hits you.
You die...

## ## #. .#
'#'#+#'#'#+###
.......Z...'.#
#'##'##Z##.###
#.@.# #.∩.#
#∩..# #####


You could see a worker ant zombie and a centaur zombie.

Vanquished Creatures
  Sigmund (D:4)
  Duvessa (D:5)
  A crocodile (Sewer)
  A giant frog (D:3)
  A scorpion (D:4)
  2 giant frog zombies (Ossuary)
  Crazy Yiuf (D:3)
  A hound (D:4)
  A worker ant (D:3)
  Natasha (thrice) (D:3 D:4)
  An orc wizard (D:2)
  2 mummies (Ossuary)
  Robin (D:4)
  A worker ant zombie (Ossuary)
  4 gnolls
  6 adders
  An adder zombie (Ossuary)
  4 worms
  A dart slug (D:3)
  3 giant geckos
  4 orcs
  2 ball pythons
  3 giant cockroaches
  17 goblins
  16 hobgoblins
  12 jackals
  16 kobolds
  A quokka (D:3)
  4 bats
  2 giant newts
  A quokka zombie (Ossuary)
  9 rats
124 creatures vanquished.

Vanquished Creatures (others)
  2 withered plants (Ossuary)
2 creatures vanquished.

Grand Total: 126 creatures vanquished

Notes
Turn   | Place    | Note
--------------------------------------------------------------
     0 | D:1      | Alarkh the Mummy Hunter began the quest for the Orb.
     0 | D:1      | Reached XP level 1. HP: 16/16 MP: 1/1
   149 | D:1      | Reached XP level 2. HP: 10/22 MP: 2/2
   528 | D:1      | Reached skill level 4 in Bows
   858 | D:1      | Reached XP level 3. HP: 7/27 MP: 3/3
  1654 | D:2      | Found a sacrificial altar of Ru.
  1664 | D:2      | Reached XP level 4. HP: 21/33 MP: 4/4
  2515 | D:3      | Reached skill level 5 in Bows
  2613 | D:3      | Reached XP level 5. HP: 31/38 MP: 5/5
  2994 | D:3      | Noticed Natasha
  2999 | D:3      | Killed Natasha
  3320 | D:3      | Noticed Crazy Yiuf
  3352 | D:3      | Killed Crazy Yiuf
  3384 | D:3      | Reached skill level 6 in Bows
  3871 | D:3      | Reached XP level 6. HP: 25/44 MP: 6/6
  4033 | D:4      | Noticed Natasha
  4071 | D:4      | Killed Natasha
  4182 | D:4      | Found a glowing silver altar of Zin.
  4194 | D:4      | Found a glowing drain.
  4195 | D:4      | Found a radiant altar of Vehumet.
  4215 | D:4      | Found an ancient bone altar of Kikubaaqudgha.
  4216 | D:4      | Found a deep blue altar of Sif Muna.
  4222 | D:4      | Identified Kikubaaqudgha's Papyrus of Sinister Secrets
  4253 | Sewer    | Entered a sewer
  4514 | Sewer    | Reached skill level 7 in Bows
  4970 | D:4      | Reached XP level 7. HP: 49/50 MP: 7/7
  5110 | D:4      | Noticed Natasha
  5121 | D:4      | Killed Natasha
  5132 | D:4      | Noticed Robin
  5205 | D:4      | Killed Robin
  5336 | D:4      | Noticed Sigmund
  5351 | D:4      | Killed Sigmund
  5358 | D:5      | Entered Level 5 of the Dungeon
  5369 | D:5      | Found a sand-covered staircase.
  5594 | D:5      | Noticed Duvessa
  5625 | D:5      | Killed Duvessa
  5625 | D:5      | Reached skill level 8 in Bows
  5652 | D:5      | Noticed dvd's ghost (amateur GrGl)
  5653 | Ossuary  | Entered an ossuary
  5920 | Ossuary  | HP: 1/50 [centaur zombie (5)]
  5921 | Ossuary  | Slain by a centaur zombie

Skill      XL: |  1  2  3  4  5  6  7 |
---------------+----------------------+-----
Bows           | 4 5 6 7 8 |  8.4
Fighting       | |  2.0
Dodging        | |  1.5
Stealth        | |  0.7

Action                   |  1- 3 |  4- 6 |  7- 9 || total
-------------------------+-------+-------+-------++-------
Melee: Short sword       |   121 |    78 |       ||   199
       Dagger            |       |   118 |    95 ||   213
       Quarterstaff      |       |       |    31 ||    31
 Fire: Shortbow          |    29 |    92 |    10 ||   131
Evoke: Wand              |       |     4 |       ||     4
  Use: Scroll            |     3 |     7 |       ||    10
 Stab: Sleeping          |     1 |       |       ||     1
Armor: Leather armour    |    47 |    77 |    55 ||   179
Dodge: Dodged            |    82 |   166 |    67 ||   315
